 Dungeon Crawl Stone Soup version 0.26.0-10-g1f06aea511 (webtiles) character file.

Game seed: 9487755130359669233

1827 dohliylev the Cleaver (level 8, -9/71 HPs)
             Began as a Minotaur Berserker on Jan 18, 2021.
             Was an Elder of Trog.
             Mangled by a small abomination (10 damage)
             ... on level 6 of the Dungeon.
             The game lasted 00:09:22 (5468 turns).

dohliylev the Cleaver (Minotaur Berserker)          Turns: 5468, Time: 00:09:23

Health: -9/71      AC: 13    Str: 24    XL:     8   Next: 86%
Magic:  7/7        EV:  8    Int:  4    God:    Trog [****..]
Gold:   358        SH:  5    Dex: 10    Spells: 7/7 levels left

rFire    . . .     SeeInvis .   a - +0 hand axe
rCold    . . .     Faith    .   (no shield)
rNeg     . . .     Spirit   .   x - +0 plate armour
rPois    .         Reflect  +   (helmet restricted)
rElec    .         Harm     .   (no cloak)
rCorr    .         Rampage  .   (no gloves)
Will     .....                  (no boots)
Stlth    ..........             l - amulet of reflection
HPRegen  0.21/turn              (no ring)
MPRegen  0.10/turn              (no ring)

@: berserk cooldown, slowed, very slow
A: retaliatory headbutt, horns 2
a: Renounce Religion, Berserk, Trog's Hand, Brothers in Arms


You were on level 6 of the Dungeon.
You worshipped Trog.
Trog was greatly pleased with you.
You visited 1 branch of the dungeon, and saw 6 of its levels.

You collected 358 gold pieces.

Inventory:

Hand Weapons
 a - a +0 hand axe (weapon)
Armour
 x - a +0 plate armour (worn)
Jewellery
 l - an amulet of reflection (around neck)
 p - an uncursed ring of protection from cold {unknown}
Scrolls
 e - a scroll of fog {unknown}
 f - 6 scrolls of identify {unknown}
 g - 2 scrolls of random uselessness {unknown}
 i - 3 scrolls of immolation {unknown}
 j - 3 scrolls of fear {unknown}
 k - 2 scrolls of blinking {unknown}
 s - 5 scrolls of remove curse {unknown}
 t - a scroll of enchant armour {unknown}
 u - a scroll of teleportation {unknown}
 v - 2 scrolls of amnesia {unknown}
Potions
 b - a potion of flight {unknown}
 c - a potion of attraction {unknown}
 d - a potion of heal wounds {unknown}
 h - 2 potions of invisibility {unknown}
 m - 2 potions of degeneration {unknown}
 n - a potion of haste {unknown}
 o - 3 potions of curing {unknown}
 q - 2 potions of lignification {unknown}
 r - a potion of berserk rage {unknown}
 w - a potion of might {unknown}


   Skills:
 + Level 6.6 Fighting
 + Level 10.1 Axes
 + Level 7.9 Armour
 + Level 3.5 Dodging
 + Level 1.0 Shields


You had 7 spell levels left.
You didn't know any spells.
Your spell library was empty.

Dungeon Overview and Level Annotations

Branches:
Dungeon (6/15)             Temple (0/1) D:4

Altars:
Gozag
Wu Jian
Zin

Portals:
Abyss: D:6

Annotations:
D:3 1 runed translucent door
D:6 1 transporter, p0werm0de's ghost, novice MiFi


Innate Abilities, Weirdness & Mutations

You reflexively headbutt those who attack you in melee.
You have a pair of horns on your head.


Message History

You fail to use your ability.
The green ugly thing kicks you.
* * * LOW HITPOINT WARNING * * *
The green ugly thing kicks you!
* * * LOW HITPOINT WARNING * * *
P0werm0de's ghost hits you.
* * * LOW HITPOINT WARNING * * *
Your skin stops crawling.
You feel less strong-willed. P0werm0de's ghost barely misses you.
You furiously retaliate!
You headbutt p0werm0de's ghost, but do no damage.
The green ugly thing barely misses you. You furiously retaliate!
You headbutt the green ugly thing, but do no damage.
P0werm0de's ghost hits you but does no damage.
There is a one-way gate to the infinite horrors of the Abyss here.
If you enter this portal you might not be able to return immediately.
Continue?
Okay, then.
If you enter this portal you might not be able to return immediately.
Continue?
The green ugly thing kicks you.
* * * LOW HITPOINT WARNING * * *
You block p0werm0de's ghost's attack. The small abomination hits you!
You die...

#....................##......
##.###..©........####.##.##.##
#......###..###..####.##....##
#.###.##.####.##.#.......#....
#.#.###..###...#...##.##...###
#©#......#..##.#...##.##..####
#.##.###^u§..#)##.....##......
#..#.##.#x###W#x##..#####.####
##.##..#x##.#@u.##.## ###...<.
#..##.#[#..##x##..####.#.####
#...#©..##..###.......#......
#...#.x#W#...................
#.###.#..##........#.#....#..
#. .#..§u#####....#.#.......
.. ###..##.##...#.#.....#.
©#.##.#.:....#...#.##.#....
##.##..##.#####.....##......


You could see a green ugly thing, 2 small abominations and p0werm0de's ghost.

Vanquished Creatures
  A small abomination (D:6)
  Sigmund (D:6)
  Menkaure (D:4)
  A hornet zombie (D:5)
  3 ice beasts
  A phantom (D:4)
  2 ogres
  A centaur (D:5)
  A gnoll sergeant (D:6)
  A scorpion (D:4)
  A howler monkey (D:6)
  A jelly (D:5)
  A centaur zombie (D:6)
  4 hounds
  A worker ant zombie (D:6)
  Robin (D:4)
  12 gnolls
  6 adders
  A howler monkey skeleton (D:4)
  An ufetubus (D:6)
  An adder skeleton (D:5)
  2 worms
  5 dart slugs
  4 leopard geckos
  15 orcs
  5 giant cockroaches
  11 goblins
  10 hobgoblins
  14 jackals
  2 quokkas (D:3)
  5 ball pythons
  5 bats
  4 frilled lizards
  5 kobolds
  A quokka skeleton (D:5)
  A quokka zombie (D:6)
  9 rats
141 creatures vanquished.

Vanquished Creatures (others)
  12 plants (D:5)
12 creatures vanquished.

Grand Total: 153 creatures vanquished

Notes
Turn   | Place    | Note
-------+----------+-------------------------------------------
     0 | D:1      | dohliylev the Minotaur Berserker began the quest for the
                  | Orb.
     0 | D:1      | Reached XP level 1. HP: 19/19 MP: 0/0
   232 | D:1      | Reached skill level 4 in Axes
   232 | D:1      | Reached XP level 2. HP: 22/27 MP: 1/1
   998 | D:2      | Reached XP level 3. HP: 33/33 MP: 2/2
  1091 | D:2      | Found a faded altar of an unknown god.
  1121 | D:2      | Reached ** piety under Trog
  1628 | D:2      | Reached skill level 5 in Axes
  1628 | D:2      | Reached XP level 4. HP: 41/41 MP: 3/3
  2280 | D:3      | Found a glowing silver altar of Zin.
  2280 | D:3      | Found a runed translucent door.
  2280 | D:3      | Noticed an angel
  2329 | D:3      | Reached XP level 5. HP: 47/47 MP: 2/4
  2601 | D:4      | Reached skill level 6 in Axes
  3225 | D:4      | Reached *** piety under Trog
  3232 | D:4      | Reached skill level 5 in Fighting
  3232 | D:4      | Reached XP level 6. HP: 56/56 MP: 3/5
  3363 | D:4      | Noticed Menkaure
  3371 | D:4      | Killed Menkaure
  3372 | D:4      | Reached skill level 7 in Axes
  3450 | D:4      | Found a staircase to the Ecumenical Temple.
  3545 | D:4      | Noticed Robin
  3554 | D:4      | Reached XP level 7. HP: 61/61 MP: 6/6
  3557 | D:4      | Killed Robin
  3596 | D:5      | Entered Level 5 of the Dungeon
  4014 | D:5      | Reached skill level 5 in Armour
  4149 | D:5      | Found an ornate altar of the Wu Jian Council.
  4422 | D:5      | Reached skill level 8 in Axes
  4698 | D:6      | Found an opulent altar of Gozag.
  4710 | D:6      | Reached XP level 8. HP: 70/70 MP: 7/7
  4770 | D:6      | Reached **** piety under Trog
  4851 | D:6      | Noticed Sigmund
  4860 | D:6      | Killed Sigmund
  4861 | D:6      | Reached skill level 9 in Axes
  5277 | D:6      | Found a one-way gate to the infinite horrors of the Abyss.
  5277 | D:6      | Noticed p0werm0de's ghost (novice MiFi)
  5283 | D:6      | Noticed a small abomination
  5283 | D:6      | Identified the +8 spear "Neniumyss" {distort, *Noise rN+
                  | Dex+5}
  5298 | D:6      | Noticed a green ugly thing
  5427 | D:6      | Found a transporter.
  5432 | D:6      | Found a transporter.
  5455 | D:6      | Killed a small abomination
  5456 | D:6      | Reached skill level 10 in Axes
  5456 | D:6      | Reached skill level 1 in Shields
  5468 | D:6      | HP: 1/71 [green ugly thing (4)]
  5468 | D:6      | Mangled by a small abomination

Illustrated notes

Levels and vault maps discovered:
D:1:      dpeg_arrival_rooms_c, layout_loops_corners, nrook_mini_vaults,
          minmay_misc_feat_plants, st_stairs_5
D:2:      layout_loops_cross, chequers_ecumenical_altar_simple
D:3:      layout_loops_ring, lemuel_angel_altar
D:4:      layout_basic, minmay_temple_entry_junction, uniq_robin, uniq_menkaure
D:5:      layout_rooms, serial_bayou, serial_bayou_crossing,
          serial_bayou_lagoon_b, serial_bayou_pond_e, serial_bayou_pond_a,
          amcnicky_altar_gilded
D:6:      layout_loops_cross, grunt_gozag_statues,
          gammafunk_ghost_abyssal_escape, uniq_sigmund

Skill      XL: |  1  2  3  4  5  6  7  8 |
---------------+-------------------------+-----
Axes           | 4 5 6 7 8 10 | 10.1
Fighting       | 4 5 6 |  6.6
Dodging        | 3 |  3.5
Armour         | 3 4 6 7 |  7.9
Shields        | 1 |  1.0

Action                   |  1- 3 |  4- 6 |  7- 9 || total
-------------------------+-------+-------+-------++-------
Melee: Hand axe          |    75 |   112 |   157 ||   344
       Headbutt          |    11 |    24 |    33 ||    68
Invok: Berserk           |     1 |     6 |     4 ||    11
       Trog's Hand       |       |       |     1 ||     1
Armor: Animal skin       |    13 |       |       ||    13
       Chain mail        |     2 |    72 |    34 ||   108
       Plate armour      |       |       |    30 ||    30
Dodge: Dodged            |    63 |    58 |    75 ||   196
Block: Other             |       |       |    20 ||    20
